 Dungeon Crawl Stone Soup version 0.27-a0-394-g49c82dfaf2 (webtiles) character file.

Game seed: 3443241179111518267

136 dickylongcocking the Sneak (level 5, 0/41 HPs)
             Began as a Human Brigand on Feb 21, 2021.
             Succumbed to a goblin's poison
             ... on level 3 of the Dungeon.
             The game lasted 00:02:19 (3234 turns).

dickylongcocking the Sneak (Human Brigand)          Turns: 3234, Time: 00:02:19

Health: 0/41       AC:  6    Str: 12    XL:     5   Next: 43%
Magic:  5/5        EV: 10    Int: 12    God:
Gold:   123        SH:  0    Dex: 14    Spells: 4/4 levels left

rFire    . . .     SeeInvis .   a - +2 dagger
rCold    . . .     Faith    .   (no shield)
rNeg     . . .     Spirit   .   f - +0 ring mail
rPois    .         Reflect  .   (no helmet)
rElec    .         Harm     .   c - +0 cloak
rCorr    .         Rampage  .   (no gloves)
Will     .....                  (no boots)
Stlth    +.........             (no amulet)
HPRegen  0.13/turn              (no ring)
MPRegen  0.09/turn              (no ring)

@: lethally poisoned (0 -> -30), very slow
A: no striking features
a: no special abilities


You were on level 3 of the Dungeon.
You visited 1 branch of the dungeon, and saw 3 of its levels.

You collected 123 gold pieces.

Inventory:

Hand Weapons
 a - a +2 dagger (weapon)
Missiles
 d - 19 poisoned darts (quivered)
 e - 2 curare-tipped darts
Armour
 b - a +0 robe
 c - a +0 cloak (worn)
 f - a +0 ring mail (worn)
Wands
 m - a wand of iceblast (8)
Scrolls
 g - a scroll of fog {unknown}
 h - 2 scrolls of amnesia {unknown}
 i - a scroll of random uselessness {unknown}
 j - a scroll of blinking {unknown}
 k - 3 scrolls of identify {unknown}


   Skills:
 * Level 3.3 Fighting
 * Level 3.4 Short Blades
 - Level 2.0 Throwing
 * Level 2.4 Armour
 - Level 1.0 Dodging
 - Level 4.0 Stealth


You had 4 spell levels left.
You didn't know any spells.
Your spell library was empty.

Dungeon Overview and Level Annotations

Branches:
Dungeon (3/15)

Altars:
The Shining One


Message History

You hit the giant cockroach but do no damage.
The giant cockroach is heavily wounded.
The giant cockroach misses you.
Your unstable footing causes you to fumble your attack.
The giant cockroach closely misses you.
Your unstable footing causes you to fumble your attack.
The giant cockroach bites you but does no damage.
You barely miss the giant cockroach.
The giant cockroach is heavily wounded.
The giant cockroach bites you.
Your ring mail prevents you from hitting the giant cockroach.
The giant cockroach is heavily wounded.
The giant cockroach splashes around in the water.
Your unstable footing causes you to fumble your attack.
The goblin hits you but does no damage.
You are poisoned.
The giant cockroach bites you but does no damage.
Your unstable footing causes you to fumble your attack.
You feel sick.
The goblin hits you with a +2 dagger of venom.
You are more poisoned.
The giant cockroach closely misses you.
You feel sick.
The giant cockroach splashes around in the water.
The goblin hits you with a +2 dagger of venom.
You are lethally poisoned!
The giant cockroach splashes around in the water.
The goblin hits you with a +2 dagger of venom.
* * * LOW HITPOINT WARNING * * *
You are more poisoned.
Found a stone staircase leading up.
You aren't carrying any potions.
Unknown command.
Okay, then.
* * * LOW HITPOINT WARNING * * *
You feel very sick.
* * * LOW HITPOINT WARNING * * *
You feel very sick.
The giant cockroach splashes around in the water.
You die...

##..## #### #..#
#.....####<# ##..#
######........#.#
#...#
#.......#...#.....
###..##
#......≈≈≈≈≈....#
#....#
#.#.#≈≈≈≈≈≈≈#..#
##....#
#...≈≈≈≈≈≈≈≈...#
#....##
#....≈g≈.≈≈≈...#
##....#
#.#.@≈B≈≈≈≈≈≈.#
#....##
#.....#≈≈≈≈≈≈≈#.#
#...###
###.###...≈≈≈≈≈...#
#..##.# #.#
#...#≈..#..##
......#
#.#.###.........##
####..#
#.#.........?####
#..# #.######.#####
#..# #.# #.#
####..# #.# #.#


You could see a giant cockroach and a goblin.

Vanquished Creatures
  5 adders
  An ooze (D:2)
  2 worms (D:3)
  2 dart slugs
  A leopard gecko (D:2)
  4 orcs (D:3)
  4 ball pythons
  4 giant cockroaches
  7 goblins
  9 hobgoblins
  8 jackals
  A quokka (D:3)
  6 bats
  5 frilled lizards
  5 kobolds
  5 rats
69 creatures vanquished.

Vanquished Creatures (others)
  3 plants (D:1)
3 creatures vanquished.

Grand Total: 72 creatures vanquished

Notes
Turn   | Place    | Note
-------+----------+-------------------------------------------
     0 | D:1      | dickylongcocking the Human Brigand began the quest for the
                  | Orb.
     0 | D:1      | Reached XP level 1. HP: 16/16 MP: 1/1
   180 | D:1      | Reached XP level 2. HP: 17/22 MP: 2/2
   428 | D:1      | Reached skill level 1 in Armour
   439 | D:1      | Reached XP level 3. HP: 25/28 MP: 3/3
  1440 | D:2      | Reached XP level 4. HP: 34/34 MP: 4/4
  2680 | D:3      | Reached XP level 5. HP: 32/41 MP: 5/5
  3090 | D:3      | Found a glowing golden altar of the Shining One.
  3234 | D:3      | Succumbed to a goblin's poison

Illustrated notes

Levels and vault maps discovered:
D:1:      evilmike_arrival_crescent, layout_basic, serial_forest,
          infiniplex_forest_end_double, infiniplex_forest_clump_double,
          infiniplex_forest_lined_2, infiniplex_forest_3_way,
          infiniplex_forest_lined_2, infiniplex_forest_lined_3_way,
          infiniplex_forest_clump_cross, infiniplex_forest_clump_double,
          infiniplex_forest_clump_C, infiniplex_forest_clump_small, minivault_24
D:2:      layout_basic
D:3:      minmay_razor_zed, layout_loops_ring, kennysheep_ying_yang,
          nicolae_tso_carved_into_rock, cheibrodos_sewer_entry_drain

Skill      XL: |  1  2  3  4 |
---------------+-------------+-----
Armour         | 1 2 |  2.4
Short Blades   | 3 |  3.4
Fighting       | 3 |  3.3
Throwing       | |  2.0
Dodging        | |  1.0
Stealth        | |  4.0

Action                   |  1- 3 |  4- 6 || total
-------------------------+-------+-------++-------
Melee: Dagger            |   119 |   194 ||   313
  Use: Potion            |     2 |     1 ||     3
 Stab: Sleeping          |     3 |     2 ||     5
Armor: Robe              |    10 |       ||    10
       Ring mail         |    37 |    64 ||   101
Dodge: Dodged            |    87 |    81 ||   168

Table legend: (Time is in decaauts)
 A = Elapsed time spent in this place.
 B = Non-inter-level travel time spent in this place.
 C = Inter-level travel time spent in this place.
 D = Time resting spent in this place.
 E = Time spent auto-exploring this place.
 F = Levels seen in this place.
 G = Mean time per level.
                   A        B        C        D        E       F      G
               +--------+--------+--------+--------+--------+-----+--------+
         Total |   3191 |   3152 |     39 |     16 |   2559 |   3 | 1063.7 |
       Dungeon |   3191 |   3152 |     39 |     16 |   2559 |   3 | 1063.7 |
               +--------+--------+--------+--------+--------+-----+--------+

Top non-repeatable levels by time:
     D:2: 1200 daAuts
     D:1: 1069 daAuts
     D:3: 922 daAuts
